 Dungeon Crawl Stone Soup version 0.29-a0-92-gee772dd00f (webtiles) character file.

Game seed: 5476001327959155039

35 cyrus the Skirmisher (level 3, -1/34 HPs)
             Began as a Naga Fighter on Feb 9, 2022.
             Slain by a hobgoblin (6 damage)
             ... led by Robin
             ... on level 2 of the Dungeon.
             The game lasted 00:03:03 (1434 turns).

cyrus the Skirmisher (Naga Fighter)                 Turns: 1434, Time: 00:03:04

Health: -1/34      AC:  4    Str: 20    XL:     3   Next: 33%
Magic:  3/3        EV:  7    Int:  8    God:
Gold:   68         SH:  4    Dex: 10    Spells: 2/2 levels left

rFire   + . .      SeeInvis +   a - +0 trident
rCold   x . .      Faith    .   c - +0 buckler
rNeg    . . .      Spirit   .   b - +0 scale mail
rPois   +          Reflect  .   (no helmet)
rElec   .          Harm     .   (no cloak)
rCorr   .          Rampage  .   (no gloves)
Will    .....                   (no barding)
Stlth   ..........              (no amulet)
HPRegen 0.11/turn               f - ring of fire
MPRegen 0.08/turn               (no ring)

@: mighty, very slow
A: AC +1, large, see invisible, deformed body, poison resistance, slowness 2,
spit poison 1, naga tail 1
a: Spit Poison


You were on level 2 of the Dungeon.
You visited 1 branch of the dungeon, and saw 2 of its levels.

You collected 68 gold pieces.

Inventory:

Hand Weapons
 a - a +0 trident (weapon)
Armour
 b - a +0 scale mail (worn)
 c - a +0 buckler (worn)
Jewellery
 f - a ring of fire (left hand)
Scrolls
 j - a scroll of fear {unknown}
 l - a scroll of immolation {unknown}
Potions
 e - 2 potions of curing {unknown}
 g - 2 potions of cancellation {unknown}
 h - 2 potions of haste {unknown}
 i - a potion of invisibility {unknown}
 k - a potion of attraction {unknown}
 m - a potion of flight {unknown}


   Skills:
 + Level 3.3 Fighting
 + Level 2.4 Polearms
 + Level 2.7 Armour
 + Level 2.8 Shields


You had 2 spell levels left.
You didn't know any spells.
Your spell library was empty.

Dungeon Overview and Level Annotations

Branches:
Dungeon (2/15)

Altars:

Annotations:
D:2 Robin


Innate Abilities, Weirdness & Mutations

Your serpentine skin is tough. (AC +1)
You have supernaturally acute eyesight. (SInv)
Armour fits poorly on your strangely shaped body.
Your system is resistant to poisons. (rPois)
You cover ground very slowly.
You can spit poison.
You have a snake-like lower body.


Message History

The hobgoblin hits you but does no damage.
The goblin closely misses you. The goblin hits you with a +0 dagger.
You block the goblin's attack. The goblin closely misses you.
The goblin hits you with a +0 club. You block the goblin's attack.
Things that are here:
a +0 club; 13 stones; a goblin corpse The goblin hits you but does no damage.
The goblin completely misses you.
The goblin no longer looks unusually strong.
Robin roars a battlecry!
The goblin goes into a battle-frenzy!
The goblin hits you with a +0 dagger.
The hobgoblin no longer looks unusually strong.
The goblin no longer looks unusually strong.
The hobgoblin no longer looks unusually strong. x2
The goblin no longer looks unusually strong.
You block the hobgoblin's attack.
The goblin shoots a stone.
The stone hits you. The goblin hits you but does no damage.
The hobgoblin no longer looks unusually strong.
The goblin no longer looks unusually strong.
The hobgoblin no longer looks unusually strong.
The goblin no longer looks unusually strong.
The hobgoblin hits you.
* * * LOW HITPOINT WARNING * * *
The goblin hits you with a +0 dagger.
* * * LOW HITPOINT WARNING * * *
The goblin hits you but does no damage. The bat hits you but does no damage.
The hobgoblin hits you but does no damage.
The bat completely misses you.
Robin roars a battlecry!
The goblins go into a battle-frenzy!
The goblin hits you with a +0 club.
* * * LOW HITPOINT WARNING * * *
The bat hits you but does no damage. You block the bat's attack.
Robin throws the goblin at you! The hobgoblin hits you.
You die...

########## #........# #####
#........# #...# #........#
#####...###########........####
)†..............gggg.......>..##.
...............g@.bggg......)...g
.<#.#...####...g###g.......###.#w
###.#.....##....# #........# ...
....#.....##....# #........# #..
######....##....# #........# ..
#....####### ########## #. #....#
. #....# . #....#


You could see Robin, 4 hobgoblins, 5 goblins and a bat.

Vanquished Creatures
  A dart slug (D:1)
  2 ball pythons
  5 bats
  An endoplasm (D:1)
  2 giant cockroaches
  5 goblins
  A hobgoblin (D:1)
  4 jackals (D:1)
  A quokka (D:1)
  4 kobolds
  3 rats
29 creatures vanquished.

Notes
Turn   | Place    | Note
-------+----------+-------------------------------------------
     0 | D:1      | cyrus the Naga Fighter began the quest for the Orb.
     0 | D:1      | Reached XP level 1. HP: 21/21 MP: 1/1
   333 | D:1      | Reached XP level 2. HP: 26/28 MP: 2/2
   958 | D:1      | Reached XP level 3. HP: 33/34 MP: 3/3
  1412 | D:2      | Noticed Robin
  1434 | D:2      | Slain by a hobgoblin

Illustrated notes

Levels and vault maps discovered:
D:1:      dpeg_arrival_windows_large_door, layout_basic
D:2:      layout_basic, uniq_crazy_yiuf_cottage, uniq_robin

Action                   || total
-------------------------++-------
Melee: Trident           ||    89
  Use: Potion            ||     1
Armor: Scale mail        ||    70
Dodge: Dodged            ||    48
Block: Buckler           ||    22

Table legend: (Time is in decaauts)
 A = Elapsed time spent in this place.
 B = Non-inter-level travel time spent in this place.
 C = Inter-level travel time spent in this place.
 D = Time resting spent in this place.
 E = Time spent auto-exploring this place.
 F = Levels seen in this place.
 G = Mean time per level.
                   A        B        C        D        E       F      G
               +--------+--------+--------+--------+--------+-----+--------+
         Total |   1829 |   1829 |      0 |    135 |   1281 |   2 |  914.5 |
       Dungeon |   1829 |   1829 |      0 |    135 |   1281 |   2 |  914.5 |
               +--------+--------+--------+--------+--------+-----+--------+

Top non-repeatable levels by time:
     D:1: 1615 daAuts
     D:2: 214 daAuts
